Map: Inferno Pools

Players

Veeduh

  • Race: Protoss Protoss
  • Spawn Location: 7:00

Kantuva - Winner!

  • Race: Zerg Zerg
  • Spawn Location: 1:00

VOD

Have the link to the VOD?

Description

Time

  • Played on: April 1, 2015, 2:18 a.m.
  • Length: 4:52
Show
View Real Time Build Order
Export as new Build Order

Veeduh Protoss 

Build Orders:  

Get SALT Encoding   

  12  0:11  Pylon  
  12  0:16  Probe  
  13  0:28  Probe (Chrono Boost)  
  14  0:33  Gateway  
  14  0:40  Probe (Chrono Boost)  
  15  0:49  Probe (Chrono Boost)  
  16  0:57  Probe  
  16  0:59  Assimilator  
  17  1:09  Probe, Pylon  
  18  1:21  Probe  
  18  1:24  Cybernetics Core  
  19  1:33  Probe  
  19  1:39  Zealot  
  22  1:46  Probe  
  23  1:58  Probe  
  24  2:10  Warp Gate (Chrono Boost)  
  24  2:15  Stalker  
  26  2:38  Gateway  
  26  2:39  Gateway  
  26  2:41  Gateway  
  26  2:45  Adept  
  28  3:06  Pylon  
  28  3:35  Pylon  
  28  3:50  Stalker  
  28  3:55  Adept x3  
  32  3:56  Pylon  
  30  4:14  Zealot  
  31  4:19  Zealot x3  
Show
View Real Time Build Order
Export as new Build Order

Kantuva Zerg - Winner!

Build Orders: Hatch First 

Get SALT Encoding   

  12  0:02  Drone  
  13  0:12  Overlord  
  13  0:20  Drone  
  14  0:31  Drone x2  
  16  0:52  Hatchery  
  15  1:09  Spawning Pool  
  15  1:11  Drone  
  15  1:16  Drone  
  15  1:18  Drone  
  17  1:29  Drone  
  18  1:35  Overlord  
  18  1:49  Drone  
  18  1:50  Extractor  
  18  2:01  Drone  
  20  2:08  Drone  
  20  2:09  Drone  
  20  2:15  Queen  
  21  2:16  Queen  
  25  2:26  Drone  
  25  2:27  Drone x3  
  29  2:41  Zergling x2  
  29  2:42  Zergling x2  
  31  2:49  Drone x2  
  33  2:54  Queen  
  35  2:59  Overlord  
  35  3:15  Metabolic Boost  
  35  3:17  Queen  
  37  3:21  Zergling x10  
  42  3:34  Zergling x6  
  43  3:48  Spine Crawler  
  43  3:49  Overlord, Spine Crawler  
  40  4:03  Zergling x2  
  40  4:04  Zergling x6  
  42  4:17  Extractor  
  42  4:19  Zergling x4  
  42  4:20  Zergling x2  
  42  4:35  Roach Warren  
  42  4:39  Drone x3  
Tags
 
Matchup
PvZ
Spawn Locations
Cross Positions
Add a new tag
Caveats
  • Supply blocks, unpowered buildings, or Contaminate may cause inaccurate times.
  • Supply counts are checked every 10 seconds.